 Dungeon Crawl Stone Soup version 0.29.1-1-gd02db6906a (webtiles) character file.

Game seed: 3415284526991753136

136 avis the Shooter (level 4, -6/36 HPs)
             Began as a Demigod Hunter on Sept 26, 2022.
             Killed by divine providence
             ... invoked by an orc priest
              (9 damage)
             ... on level 3 of the Dungeon.
             The game lasted 00:10:06 (2563 turns).

avis the Shooter (Demigod Hunter)                   Turns: 2563, Time: 00:10:08

Health: -6/36      AC:  3    Str: 12    XL:     4   Next: 67%
Magic:  6/6        EV: 12    Int: 11    God:
Gold:   16         SH:  0    Dex: 21    Spells: 3/3 levels left

rFire   . . .      SeeInvis .   a - +0 shortbow
rCold   . . .      Faith    .   (shield currently unavailable)
rNeg    + . .      Spirit   .   c - +0 leather armour
rPois   .          Reflect  .   (no helmet)
rElec   .          Harm     .   (no cloak)
rCorr   .          Rampage  .   (no gloves)
Will    .....                   (no boots)
Stlth   ++........              (no amulet)
HPRegen 0.12/turn               k - ring of positive energy
MPRegen 0.10/turn               (no ring)

@: no status effects
A: high MP 1, forlorn, divine attributes
a: no special abilities


You were on level 3 of the Dungeon.
You visited 1 branch of the dungeon, and saw 3 of its levels.

You collected 81 gold pieces.
You spent 65 gold pieces at shops.

Inventory:

Hand Weapons
 a - a +0 shortbow (weapon)
 e - a +1 mace of distortion
 g - a +2 vorpal spear
 n - a +0 sling
Armour
 c - a +0 leather armour (worn)
Jewellery
 k - a ring of positive energy (left hand)
Wands
 h - a wand of flame (26)
Scrolls
 b - a scroll of immolation
 d - a scroll of magic mapping {unknown}
 i - a scroll of fog {unknown}
 j - 2 scrolls of teleportation {unknown}
 l - a scroll of noise {unknown}
 m - a scroll of identify {unknown}
Potions
 f - a potion of ambrosia {unknown}
 o - a potion of heal wounds
 p - a potion of curing {unknown}


   Skills:
 - Level 2.0 Fighting
 * Level 5.3 Ranged Weapons
 - Level 2.0 Dodging
 + Level 1.9 Stealth


You had 3 spell levels left.
You didn't know any spells.
Your spell library was empty.

Dungeon Overview and Level Annotations

Branches:
Dungeon (3/15)

Shops:
D:3 !


Innate Abilities, Weirdness & Mutations

You have an increased reservoir of magic. (+10% MP)
You shall have no god before yourself.
Your divine heritage dramatically boosts your attributes as you level up.


Message History

You shoot an arrow. The arrow hits the orc!
You kill the orc!
Fire: a) +0 shortbow
Press: ? - help, Q - select action, (/) - cycle Shift-Dir - straight line, f/p - orc priest
Aim: an orc priest, wielding a +0 whip and wearing a +0 leather armour (heavily wounded, 65% to hit)
You shoot an arrow. The arrow hits the orc priest!
The orc priest is almost dead.
The orc priest looks encouraged for a moment.
Fire: a) +0 shortbow
Press: ? - help, Q - select action, (/) - cycle Shift-Dir - straight line, f/p - orc priest
Aim: an orc priest, wielding a +0 whip and wearing a +0 leather armour (almost dead, 65% to hit)
You shoot an arrow.
The arrow closely misses the orc priest.
The orc priest hits you but does no damage.
The orc priest barely misses you.
Fire: a) +0 shortbow
Press: ? - help, Q - select action, (/) - cycle Shift-Dir - straight line, f/p - orc priest
Aim: an orc priest, wielding a +0 whip and wearing a +0 leather armour (almost dead, 65% to hit)
You shoot an arrow.
The arrow hits the orc priest but does no damage.
The orc priest is almost dead.
The orc priest hits you with a +0 whip.
Fire: a) +0 shortbow
Press: ? - help, Q - select action, (/) - cycle Shift-Dir - straight line, f/p - orc priest
Aim: an orc priest, wielding a +0 whip and wearing a +0 leather armour (almost dead, 65% to hit)
You shoot an arrow.
The arrow hits the orc priest but does no damage.
The orc priest is almost dead.
The orc priest hits you with a +0 whip.
Fire: a) +0 shortbow
Press: ? - help, Q - select action, (/) - cycle Shift-Dir - straight line, f/p - orc priest
Aim: an orc priest, wielding a +0 whip and wearing a +0 leather armour (almost dead, 65% to hit)
You shoot an arrow.
The arrow closely misses the orc priest.
The orc priest calls down the wrath of Beogh upon you.
Beogh smites you!
* * * LOW HITPOINT WARNING * * *
The orc priest calls down the wrath of Beogh upon you.
Beogh smites you!
You die...

#.. ##.# ..###.###.# #.#
#..)#...#... #.#
#.8...8...8.##'# #...#
..#...#∩..
#..###.###.#.... #
##...#...#.......
..)##.###..8...8...8.....
..)..))o@................
.####.###.#....###.......
.. ##.#...###.#..... ##
###.......##....
###.#######.†. #.# ##'#
#.# #.# ## #.# #)# .# #.#
##.#


You could see an orc priest.

Vanquished Creatures
  An orc priest (D:3)
  2 adders
  2 worms (D:3)
  3 dart slugs
  10 orcs (D:3)
  4 ball pythons
  5 bats
  3 endoplasms
  4 giant cockroaches
  3 goblins
  5 hobgoblins
  4 jackals (D:1)
  5 kobolds
  3 quokkas
  2 frilled lizards
  7 rats
63 creatures vanquished.

Notes
Turn   | Place    | Note
-------+----------+-------------------------------------------
     0 | D:1      | avis the Demigod Hunter began the quest for the Orb.
     0 | D:1      | Reached XP level 1. HP: 17/17 MP: 3/3
   187 | D:1      | Reached skill level 4 in Ranged Weapons
   187 | D:1      | Reached XP level 2. HP: 24/24 MP: 4/4
   962 | D:2      | Reached XP level 3. HP: 29/29 MP: 5/5
  1816 | D:3      | Reached skill level 1 in Stealth
  2032 | D:3      | Reached skill level 5 in Ranged Weapons
  2134 | D:3      | Reached XP level 4. HP: 36/36 MP: 6/6
  2441 | D:3      | Found Zera's Distillery.
  2449 | D:3      | Bought a potion of heal wounds for 65 gold pieces
  2563 | D:3      | Killed from afar by an orc priest

Illustrated notes

Levels and vault maps discovered:
D:1:      beargit_arrival_greenhouse, layout_basic
D:2:      layout_loops_ring, hellmonk_ecumenical_altar_slurped_away
D:3:      layout_loops_corners, serial_shops, shop,
          minmay_misc_feat_four_crosses

Skill      XL: |  1  2  3 |
---------------+----------+-----
Fighting       | 2 |  2.0
Ranged Weapons | 4 5 |  5.3
Dodging        | 2 |  2.0
Stealth        | 1 |  1.9

Action                   |  1- 3 |  4- 6 || total
-------------------------+-------+-------++-------
 Fire: Shortbow          |   128 |    50 ||   178
Armor: Leather armour    |    13 |     3 ||    16
Dodge: Dodged            |    45 |    14 ||    59
